 Dungeon Crawl Stone Soup version 0.31-a0-214-gb37851dbb3 (webtiles) character file.

Game seed: 6430795169594233429

62 qw the Shooter (level 4, 0/26 HPs)
             Began as a Gargoyle Hexslinger on July 1, 2023.
             Slain by Grinder (8 damage)
             ... while paralysed by Grinder
             ... on level 2 of the Dungeon.
             The game lasted 00:00:41 (1740 turns).

qw the Shooter (Gargoyle Hexslinger)                Turns: 1740, Time: 00:00:41

Health: 0/26       AC:  6    Str: 11    XL:     4   Next: 8%
Magic:  5/5        EV:  2    Int: 14    God:
Gold:   1019       SH:  0    Dex: 14    Spells: 4/5 levels left

rFire   . . .        Y - +1 sling
rCold   . . .        (no shield)
rNeg    + . .        c - +0 robe
rPois   inf          (no helmet)
rElec   +            (no cloak)
rCorr   .            f - +0 pair of gloves
SInv    .            (no boots)
Will    .....        (no amulet)
Stlth   +            (no ring)
HPRegen 0.24/turn    (no ring)
MPRegen 0.09/turn

%: no passive effects
@: paralysed
A: sickness immunity, AC +3, negative energy resistance 1, electricity
resistance, torment resistance 1, petrification resistance
a: no special abilities


You were on level 2 of the Dungeon.
You visited 1 branch of the dungeon, and saw 3 of its levels.

You collected 1019 gold pieces.


Innate Abilities, Weirdness & Mutations

You are immune to sickness and miasma.
Your stone body is resilient. (AC +3)
You are immune to poison.
You resist negative energy. (rN+)
You are resistant to electric shocks. (rElec)
You are resistant to unholy torment.
You are immune to petrification.


   Skills:
 - Level 2.0 Fighting
 + Level 3.9 Ranged Weapons
 - Level 1.5 Dodging
 - Level 1.0 Spellcasting
 - Level 2.6 Hexes


You had 4 spell levels left.
You knew the following spells:

 Your Spells              Type           Power      Damage    Failure   Level
a - Slow                  Hex            32%        N/A       9%          1

Your spell library contained the following spells:

 Spells                   Type           Power      Damage    Failure   Level
 Inner Flame              Hex/Fire       4%         N/A       41%         3
 Portal Projectile        Hex/Tloc       8%         N/A       41%         3
 Cause Fear               Hex            4%         N/A       65%         4

Inventory:

Hand Weapons
 Y - a +1 sling (weapon)
Armour
 c - a +0 robe (worn)
 f - a +0 pair of gloves (worn)
Scrolls
 a - 3 scrolls of identify
 e - a scroll of teleportation

Dungeon Overview and Level Annotations

Branches:
Dungeon (3/15)

Altars:

Annotations:
D:2 Grinder


Message History

Grinder closely misses you.
You shoot a sling bullet. The sling bullet barely misses Grinder.
Grinder misses you.
Grinder blinks!
You shoot a sling bullet. The sling bullet hits Grinder.
Grinder is severely wounded.
You shoot a sling bullet. The sling bullet barely misses Grinder.
Grinder closely misses you.
You shoot a sling bullet.
The sling bullet hits Grinder but does no damage.
Grinder is severely wounded.
Grinder hits you.
You writhe in agony.
You shoot a sling bullet. The sling bullet hits Grinder.
Grinder is almost dead.
Grinder closely misses you.
You shoot a sling bullet.
The sling bullet hits Grinder but does no damage.
Grinder is almost dead.
Grinder hits you! Grinder gestures at you.
You suddenly lose the ability to move!
Grinder gestures at you.
You shrug off the repeated paralysis!
Grinder gestures at you.
You shrug off the repeated paralysis!
Grinder blinks!
Grinder gestures at you. You resist with significant effort.
You can move again.
You shoot a sling bullet.
The sling bullet closely misses Grinder.
You shoot a sling bullet.
The sling bullet hits Grinder but does no damage.
Grinder is almost dead.
Grinder hits you.
You writhe in agony.
You shoot a sling bullet. The sling bullet hits Grinder.
Grinder is almost dead.
Grinder gestures at you.
You suddenly lose the ability to move!
Grinder hits you!
You die...

#.........?# #.########.# #.# #.#
#.# #.# #.# #.# #.# #.#
#.########.#
##################.##.......#####
................@5..'............
...................##.......#####
###########################.# #
#.# # #.# # ###### #.##### .....#
#.#.... .....# #.#.### .....#
#.#.# #


You could see Grinder.

Vanquished Creatures
  An adder (D:2)
  3 worms (D:2)
  5 ball pythons
  4 bats
  5 endoplasms
  6 goblins
  4 hobgoblins
  2 frilled lizards
  8 kobolds
  4 rats
42 creatures vanquished.

Notes
Turn   | Place    | Note
-------+----------+-------------------------------------------
     0 | D:1      | qw the Gargoyle Hexslinger began the quest for the Orb.
     0 | D:1      | Reached XP level 1. HP: 12/12 MP: 2/2
     0 | D:1      | 0 ||| qw: Version: 0.3-a-32-g5962c71
     0 | D:1      | 0 ||| qw: Game counter: 7353
     0 | D:1      | 0 ||| qw: Melee chars always use a shield: true
     0 | D:1      | 0 ||| qw: God list: Okawaru
     0 | D:1      | 0 ||| qw: Allow faded altars: false
     0 | D:1      | 0 ||| qw: Do Orc after clearing Dungeon:15 true
     0 | D:1      | 0 ||| qw: Do second Lair branch before Depths: true
     0 | D:1      | 0 ||| qw: Lair rune preference: random
     0 | D:1      | 0 ||| qw: Goals: Normal
     0 | D:1      | 0 ||| PLANNING D:1-11
   186 | D:1      | Reached XP level 2. HP: 16/16 MP: 3/3
   262 | D:1      | Reached skill level 3 in Ranged Weapons
   498 | D:1      | Reached XP level 3. HP: 16/21 MP: 4/4
   691 | D:1      | 691 ||| READING 3 scrolls labelled FEXUOH HODA.
   692 | D:1      | 692 ||| READING scroll labelled PIATHE MEBI.
   696 | D:1      | 696 ||| DROPPING scroll of poison.
  1356 | D:2      | Reached XP level 4. HP: 26/26 MP: 5/5
  1661 | D:2      | 1661 ||| UPGRADING to +0 pair of gloves.
  1666 | D:2      | 1666 ||| READING scroll labelled EFFIMP MYWUZU.
  1666 | D:2      | Identified a scroll of acquirement
  1666 | D:2      | 1666 ||| ACQUIRING 931 gold pieces
  1666 | D:2      | Acquired 931 gold pieces
  1668 | D:2      | 1668 ||| READING 2 scrolls labelled JYNUFF XAMY.
  1669 | D:2      | 1669 ||| DROPPING scroll of immolation.
  1684 | D:3      | Noticed Grinder
  1686 | D:3      | Paralysed by Grinder for 2 turns
  1688 | D:3      | 1688 ||| STAIRDANCE
  1699 | D:2      | Paralysed by Grinder for 4 turns
  1704 | D:2      | Paralysed by Grinder for 2 turns
  1706 | D:2      | 1706 ||| FLEEEEING.
  1707 | D:2      | 1707 ||| FLEEEEING.
  1711 | D:2      | 1711 ||| FLEEEEING.
  1712 | D:2      | 1712 ||| FLEEEEING.
  1713 | D:2      | 1713 ||| FLEEEEING.
  1714 | D:2      | 1714 ||| FLEEEEING.
  1715 | D:2      | 1715 ||| FLEEEEING.
  1716 | D:2      | 1716 ||| FLEEEEING.
  1717 | D:2      | 1717 ||| FLEEEEING.
  1718 | D:2      | 1718 ||| FLEEEEING.
  1719 | D:2      | 1719 ||| FLEEEEING.
  1720 | D:2      | 1720 ||| FLEEEEING.
  1722 | D:2      | 1722 ||| FLEEEEING.
  1732 | D:2      | Paralysed by Grinder for 5 turns
  1739 | D:2      | Paralysed by Grinder for 2 turns
  1740 | D:2      | Slain by Grinder

Levels and vault maps discovered:
D:1:      dpeg_arrival_rhombus, layout_loops_ring
D:2:      layout_basic
D:3:      layout_loops_ring, mainiacjoe_overflow_surrounded_room,
          lemuel_coloured_pillars_altar, uniq_ijyb, uniq_grinder, uniq_jessica

Skill      XL: |  1  2 |
---------------+-------+-----
Ranged Weapons | 3 |  3.9
Fighting       | 2 |  2.0
Dodging        | |  1.5
Spellcasting   | |  1.0
Hexes          | |  2.6

Action                     |  1- 3 |  4- 6 || total
---------------------------+-------+-------++-------
   Fire: Sling             |   135 |    41 ||   176
    Use: Scroll            |     2 |     2 ||     4
 Armour: Robe              |    20 |     3 ||    23
  Dodge: Dodged            |    40 |    10 ||    50

Table legend:
 A = Non-vault XP
 B = Vault XP
 C = Vault XP percentage of total XP
 D = Non-vault monster count
 E = Vault monster count
 F = Vault count percentage of total count
                 A         B        C        D         E       F
            +---------+---------+-------+---------+---------+-------
      Total |      89 |       0 |   0.0 |      42 |       0 |   0.0
            +---------+---------+-------+---------+---------+-------
        D:1 |      37 |       0 |   0.0 |      23 |       0 |   0.0
        D:2 |      52 |       0 |   0.0 |      19 |       0 |   0.0
            +---------+---------+-------+---------+---------+-------
